 Dungeon Crawl Stone Soup version 0.24-a0-269-g32ec7ca (webtiles) character file.

Game seed: 3966468149534513204

11064 Hylith the Zephyrmancer (level 11, -3/148 HPs)
             Began as a Pale Draconian Air Elementalist on Apr 21, 2019.
             Was a Believer of Vehumet.
             Slain by a large abomination (13 damage)
             ... on level 9 of the Dungeon.
             The game lasted 01:11:03 (15330 turns).

Hylith the Zephyrmancer (DrAE)                     Turns: 15330, Time: 01:11:04

Health: -3/148     AC: 30    Str: 10    XL:     11   Next: 44%
Magic:  3/22       EV:  2    Int: 23    God:    Vehumet [**....]
Gold:   372        SH:  8    Dex: 12    Spells: 14/25 levels left

rFire    + . .     SeeInvis .   q - +0 falchion (holy)
rCold    . . .     Gourm    .   p - +0 buckler
rNeg     + + +     Faith    .   (armour unavailable)
rPois    +         Spirit   .   (helmet currently unavailable)
rElec    .         Reflect  +   (cloak currently unavailable)
rCorr    .         Harm     .   (gloves currently unavailable)
MR       +....     NoTele   +   (boots currently unavailable)
Stlth    ++........             E - +3 amulet of reflection
HPRegen  0.34/turn              G - ring "Rygeaseo" {+Fly rF+ MR+ Int+4}
MPRegen  0.18/turn              t - +5 ring of protection

@: tree-form, very slightly contaminated, lightly drained
A: (breathe steam), unfitting armour, AC +7
a: Renounce Religion


You were on level 9 of the Dungeon.
You worshipped Vehumet.
Vehumet was pleased with you.
You were hungry.
You were a tree.
You visited 2 branches of the dungeon, and saw 11 of its levels.
You visited the Abyss 1 time.
You also visited: Sewer.

You collected 576 gold pieces.
You spent 204 gold pieces at shops.

Inventory:

Hand Weapons
 q - a +0 falchion of holy wrath (weapon)
 I - a +0 double sword
 K - the +1 glaive of Tortfeasance {pain, Int+2}
   (You found it on level 10 of the Dungeon)

   In the hands of one skilled in necromantic magic, it inflicts extra damage on
   living creatures.
   It affects your intelligence (+2).
Missiles
 d - 232 stones (quivered)
Armour
 m - a +0 cloak (melded)
 p - a +0 buckler (worn)
 A - a +0 pair of boots (melded)
Jewellery
 t - a +5 ring of protection (right branch)
 B - an uncursed ring of flight
 C - an uncursed ring of protection from fire
 E - a +3 amulet of reflection (around neck)
 G - the ring "Rygeaseo" (left branch) {+Fly rF+ MR+ Int+4}
   (You took it off an orc wizard on level 8 of the Dungeon)

   [ring of protection from magic]

   It affects your intelligence (+4).
   It protects you from fire.
   It affects your resistance to hostile enchantments.
   It lets you fly.
 H - an uncursed ring of protection from magic
Wands
 l - a wand of random effects (14)
 y - a wand of polymorph (6)
 z - a wand of acid (21)
Scrolls
 g - a scroll of vulnerability {unknown}
 h - a scroll of amnesia
 j - 4 scrolls of magic mapping
 w - a scroll of enchant armour {unknown}
 x - 4 scrolls of noise
 D - a scroll of enchant weapon
Potions
 a - a potion of cancellation
 f - 2 potions of might
 k - 2 potions of mutation
 n - 2 potions of flight
 o - 3 potions of brilliance {unknown}
 v - a potion of haste {unknown}
 F - a potion of degeneration {unknown}
Comestibles
 b - 20 rations


   Skills:
 * Level 9.8(9.4) Fighting
 - Level 2.0(1.6) Dodging
 - Level 2.0(1.6) Stealth
 + Level 4.6(4.2) Shields
 * Level 7.9(7.5) Spellcasting
 + Level 6.0(5.6) Conjurations
 * Level 11.0(10.5) Air Magic
 + Level 5.8(5.5) Evocations


You had 14 spell levels left.
You knew the following spells:

 Your Spells              Type           Power        Failure   Level  Hunger
a - Shock                 Conj/Air       ####         1%          1    None
b - Swiftness             Chrm/Air       ####....     1%          2    None
c - Static Discharge      Conj/Air       #####...     1%          3    None
d - Lightning Bolt        Conj/Air       #####.....   7%          5    #####..

Your spell library contained the following spells:

 Spells                   Type           Power        Failure   Level  Hunger
 Freeze                   Ice            #...         8%          1    None
 Airstrike                Air            ######....   1%          4    ###....
 Stone Arrow              Conj/Erth      ###...       7%          3    None
 Animate Skeleton         Necr           N/A          8%          1    None
 Apportation              Tloc           #.....       8%          1    None
 Confusing Touch          Hex            #.....       8%          1    None
 Sandblast                Erth           #.....       8%          1    None
 Summon Small Mammal      Summ           #...         8%          1    None
 Passwall                 Tmut/Erth      #.......     11%         2    None
 Confuse                  Hex            #.......     22%         3    None
 Gell's Gravitas          Tloc           #.........   22%         3    None
 Petrify                  Tmut/Erth      #.......     58%         4    ###....
 Lee's Rapid Deconstruct  Erth           #.........   90%         5    #####..
 Metabolic Englaciation   Hex/Ice        #.........   90%         5    #####..
 Yara's Violent Unravell  Hex/Tmut       #.........   90%         5    #####..


Dungeon Overview and Level Annotations

Branches:
Dungeon (10/15)            Temple (1/1) D:7            Lair (0/6) D:10
    Orc (0/2) D:9

Altars:
Ashenzari
Cheibriados
Dithmenos
Elyvilon
Fedhas
Gozag
Hepliaklqana
Kikubaaqudgha
Makhleb
Nemelex Xobeh
Okawaru
Qazlal
Ru
Sif Muna
Trog
Uskayaw
Vehumet
Wu Jian
Xom
Yredelemnul
Zin
The Shining One

Shops:
D:4 %   D:7 *   D:8 =   D:10 *

Annotations:
D:4 3 runed translucent doors, Borgoz's ghost, amateur KoGl
D:5 1 runed translucent door


Innate Abilities, Weirdness & Mutations

((You can breathe blasts of scalding, opaque steam.))
((Your pale cyan-grey scales are hard. (AC +7)))
You cannot fit into any form of body armour.
((You are cold-blooded and may be slowed by cold attacks.))


Message History

The large abomination is almost destroyed.
The large abomination hits you but does no damage.
Casting: Shock (safe; 1% risk of failure)
Confirm with . or Enter, or press ? or * to list all spells.
Aiming: Shock (safe; 1% risk of failure)
Press: ? - help, Shift-Dir - straight line, f/p - large abomination
Aim: a large abomination (almost destroyed)
The zap hits the large abomination.
The large abomination is almost destroyed.
The large abomination hits you!
* * * LOW HITPOINT WARNING * * *
Casting: Shock (safe; 1% risk of failure)
Confirm with . or Enter, or press ? or * to list all spells.
Aiming: Shock (safe; 1% risk of failure)
Press: ? - help, Shift-Dir - straight line, f/p - large abomination
Aim: a large abomination (almost destroyed)
The zap hits the large abomination but does no damage.
The large abomination is almost destroyed.
The large abomination hits you!
You die...

.## #.# #..# #÷...#
.####.###.## ###..#
..).......## #...#
####.###...#####'##
#.###.###..#..#
#......##..#..#
#......##..'..#####
#......##..#.X#...#
#.......#..#.♣#...#
#.......#######...#
#.#####..##.......#
#.# ##..........#
#.# ####.......#
####.# #.......#
.....# #.......#
###### #.......#
#....<..#


You could see a large abomination.

Vanquished Creatures
  A hydra (D:8)
  2 unseen horrors (D:10)
  Pikel (D:7)
  A worldbinder (Abyss:2)
  A smoke demon (Abyss:2)
  A komodo dragon (D:10)
  A kobold demonologist (D:7)
  2 trolls
  A hippogriff (D:10)
  Sigmund (D:5)
  6 yaks (D:6)
  4 hogs (D:9)
  A human (D:9)
  4 hungry ghosts
  A soldier ant (D:7)
  Duvessa (D:5)
  An acid dragon (D:10)
  A water moccasin (D:8)
  3 orc warriors
  A sky beast (D:9)
  Purgy (D:3)
  2 ice beasts
  2 slaves
  6 ogres
  7 centaurs
  A crocodile (D:9)
  2 bullfrogs
  4 scorpions
  Dowan (D:5)
  3 troll zombies (D:9)
  A killer bee (D:5)
  5 wights (D:6)
  A howler monkey (D:10)
  3 crimson imps
  2 quasits
  A centaur zombie (D:8)
  2 bullfrog zombies
  3 jellies
  5 orc priests
  4 hounds
  A bullfrog skeleton (D:9)
  13 orc wizards
  6 iguanas
  11 worker ants
  5 ogre zombies (D:9)
  A howler monkey zombie (D:7)
  17 adders
  3 shadow imps
  A white imp (Abyss:2)
  An adder zombie (D:8)
  2 adder skeletons
  3 worms
  7 leopard geckos
  41 orcs
  10 giant cockroaches
  6 goblins
  5 hobgoblins
  15 jackals
  5 ball pythons
  8 bats
  10 frilled lizards
  2 goblin zombies (D:9)
  4 hobgoblin skeletons (D:9)
  3 hobgoblin zombies (D:9)
  2 jackal skeletons
  9 kobolds
  16 orc zombies (D:9)
  A quokka skeleton (D:6)
  A quokka zombie (D:6)
  5 rats
  3 plants (Sewer)
308 creatures vanquished.

Vanquished Creatures (others)
  An ice beast (D:8)
  A hound (D:8)
  An adder (D:8)
  An orc (D:8)
  A giant cockroach (D:8)
  2 plants (D:10)
  3 starspawn tentacles (Abyss:2)
10 creatures vanquished.

Grand Total: 318 creatures vanquished

Notes
Turn   | Place    | Note
-------+----------+-------------------------------------------
     0 | D:1      | Hylith the Draconian Air Elementalist began the quest for
                  | the Orb.
     0 | D:1      | Reached XP level 1. HP: 14/14 MP: 3/3
   312 | D:1      | Reached XP level 2. HP: 15/22 MP: 3/5
   579 | D:1      | Reached skill level 1 in Fighting
  1310 | D:2      | Reached XP level 3. HP: 23/28 MP: 0/6
  2462 | D:3      | Reached XP level 4. HP: 34/36 MP: 2/7
  2606 | D:3      | Learned a level 2 spell: Swiftness
  2610 | D:3      | Learned a level 3 spell: Static Discharge
  2890 | D:3      | Noticed Purgy
  2902 | D:3      | Found a hazy altar of Hepliaklqana.
  3187 | D:3      | Killed Purgy
  3187 | D:3      | Reached skill level 1 in Shields
  3187 | D:3      | Reached XP level 5. HP: 34/44 MP: 0/9
  3515 | D:4      | Noticed an ogre
  3577 | D:4      | Noticed an ogre
  3607 | D:4      | Killed an ogre
  3607 | D:4      | Reached XP level 6. HP: 51/51 MP: 5/10
  3714 | D:4      | Reached skill level 4 in Air Magic
  3817 | D:4      | Found Xomnirohi's Food Boutique.
  4139 | D:4      | Found a runed translucent gate.
  4139 | D:4      | Found a runed translucent gate.
  4139 | D:4      | Found a runed translucent gate.
  4142 | D:4      | Noticed Borgoz's ghost (amateur KoGl)
  4415 | D:5      | Entered Level 5 of the Dungeon
  4456 | D:5      | Found a runed translucent door.
  4458 | D:5      | Found a runed translucent door.
  4484 | D:5      | Your scales start taking on a pale cyan-grey colour.
  4484 | D:5      | Reached XP level 7. HP: 50/58 MP: 12/12
  4557 | D:5      | Reached skill level 5 in Air Magic
  4580 | D:5      | Found a glowing drain.
  4606 | Sewer    | Entered a sewer
  5714 | D:5      | Noticed Sigmund
  5737 | D:5      | Killed Sigmund
  5737 | D:5      | Reached skill level 6 in Air Magic
  5987 | D:5      | Noticed Duvessa
  5987 | D:5      | Noticed Dowan
  5997 | D:5      | Killed Dowan
  5997 | D:5      | Reached XP level 8. HP: 58/67 MP: 7/14
  6010 | D:5      | Killed Duvessa
  6212 | D:5      | Reached skill level 5 in Fighting
  6568 | D:5      | Reached skill level 7 in Air Magic
  7024 | D:6      | Reached skill level 1 in Evocations
  7026 | D:6      | Reached skill level 5 in Spellcasting
  7026 | D:6      | Reached XP level 9. HP: 52/78 MP: 8/16
  7032 | D:6      | Reached skill level 8 in Air Magic
  8670 | D:7      | Reached skill level 9 in Air Magic
  8941 | D:7      | Found a staircase to the Ecumenical Temple.
  8958 | Temple   | Entered the Ecumenical Temple
  9009 | Temple   | Became a worshipper of Vehumet
  9239 | D:7      | Found Goner's General Store.
  9522 | D:8      | Learned a level 5 spell: Lightning Bolt
  9723 | D:8      | Reached XP level 10. HP: 88/88 MP: 14/19
  9738 | D:8      | Noticed a five-headed hydra
  9746 | D:8      | Noticed a sixfirhy
 10367 | D:8      | Noticed Pikel
 10446 | D:7      | Killed Pikel
 10800 | D:8      | Noticed a rust devil
 11221 | D:8      | Identified the ring "Rygeaseo" {+Fly rF+ MR+ Int+4}
 11240 | D:8      | Killed a five-headed hydra
 11240 | D:8      | Reached skill level 5 in Conjurations
 11480 | D:8      | Reached skill level 10 in Air Magic
 11617 | D:8      | Found Xegini's Jewellery Emporium.
 11647 | D:8      | Bought a +3 amulet of reflection for 204 gold pieces
 12383 | D:9      | Reached * piety under Vehumet
 12383 | D:9      | Offered knowledge of Magic Dart by Vehumet.
 12397 | D:9      | Reached skill level 5 in Evocations
 12614 | D:9      | Found a staircase to the Orcish Mines.
 12672 | D:9      | Reached ** piety under Vehumet
 12676 | D:9      | Offered knowledge of Freeze by Vehumet.
 13314 | D:9      | Reached XP level 11. HP: 93/97 MP: 16/22
 13393 | D:10     | Entered Level 10 of the Dungeon
 13513 | D:10     | Killed an unseen horror
 13529 | D:10     | Got an ichor-stained glaive
 13541 | D:10     | Identified the cursed +1 glaive of Tortfeasance {pain,
                  | Int+2} (You found it on level 10 of the Dungeon)
 13590 | D:10     | Killed an unseen horror
 13890 | D:10     | Noticed a wizard
 13895 | D:10     | Noticed a wizard
 13912 | D:10     | Found a staircase to the Lair.
 13959 | D:10     | Found a shadowy altar of Dithmenos.
 14262 | D:10     | Found Foghei's Assorted Antiques.
 14428 | D:10     | Cast into level 2 of the Abyss (a wizard)
 14466 | Abyss:2  | Noticed a starcursed mass
 14491 | Abyss:2  | Noticed a sixfirhy
 14491 | Abyss:2  | Noticed a thrashing horror
 14666 | Abyss:2  | Noticed an ophan
 14671 | Abyss:2  | Noticed a brown very ugly thing
 14671 | Abyss:2  | Noticed a brown very ugly thing
 14671 | Abyss:2  | Noticed a brown very ugly thing
 14672 | Abyss:2  | Noticed a brown ugly thing
 15118 | Abyss:2  | Noticed a tentacled starspawn
 15130 | Abyss:2  | Noticed a thrashing horror
 15135 | Abyss:2  | Noticed a revenant
 15180 | Abyss:2  | Noticed an orb spider
 15194 | Abyss:2  | Reached skill level 11 in Air Magic
 15281 | Abyss:2  | Noticed a starcursed mass
 15287 | D:10     | Escaped the Abyss
 15330 | D:9      | Slain by a large abomination

Levels and vault maps discovered:
D:1:      minmay_arrival_cross, layout_loops_corners, glass_columns_b,
          kennysheep_boxes
D:2:      layout_basic
D:3:      wander_river, layout_loops_ring, lemuel_round_altar, first_ration,
          uniq_purgy
D:4:      layout_basic, ebering_ghost_rock_garden, serial_shops,
          nicolae_shop_competitors_out_of_business
D:5:      lemuel_insect_pit, layout_basic, serial_rivers,
          chequers_serial_rivers_micro_a, chequers_serial_rivers_small_a,
          chequers_serial_rivers_room_a, chequers_serial_rivers_micro_d,
          portal_sewer_entry_b, uniq_sigmund, uniq_duvessa
D:6:      layout_loops_ring
D:7:      layout_cave_pods, minmay_temple_entry_offerings, serial_shops,
          kennysheep_mini, water_boxes_lemuel
D:8:      minmay_curly_fans, layout_gridville, serial_shops, shop, uniq_pikel
D:9:      layout_rooms, zombieorc2_lemuel, minmay_misc_feat_rows,
          grunt_livestock, hangedman_decor_riveting
D:10:     minmay_smoke_and_mirrors, layout_basic, david_lair_shrubbed,
          serial_shops, shop, grunt_dithmenos_shadows
Temple:   nicolae_temple_the_god_donut
Abyss:2
Sewer:    sewer_co_scattered_pipes

Skill      XL: |  1  2  3  4  5  6  7  8  9 10 11 |
---------------+----------------------------------+-----
Fighting       | 1 2 3 4 6 7 9 |  9.8
Stealth        | 2 |  2.0
Dodging        | 2 |  2.0
Conjurations   | 2 3 4 5 6 |  6.0
Shields        | 1 2 3 4 |  4.6
Spellcasting   | 3 4 5 6 7 |  7.9
Air Magic      | 4 6 7 9 10 11 | 11.0
Evocations     | 1 4 5 |  5.8

Action                   |  1- 3 |  4- 6 |  7- 9 | 10-12 || total
-------------------------+-------+-------+-------+-------++-------
Melee: Mace              |    88 |     4 |       |       ||    92
       Tailslap          |     8 |     9 |    83 |    29 ||   129
       Falchion          |       |    61 |   497 |   241 ||   799
Throw: Stone             |       |       |     1 |       ||     1
 Cast: Shock             |    38 |    55 |   229 |   333 ||   655
       Lightning Bolt    |       |       |       |     4 ||     4
       Swiftness         |       |       |       |     1 ||     1
 Abil: Breathe Steam     |       |       |     1 |     7 ||     8
Evoke: Wand              |       |       |       |     1 ||     1
  Use: Scroll            |       |    10 |     8 |     9 ||    27
       Potion            |       |     1 |     2 |    10 ||    13
 Stab: Sleeping          |     2 |       |     1 |     1 ||     4
       Distracted        |       |       |       |     1 ||     1
  Eat: Chunk             |     5 |     7 |    19 |    12 ||    43
       Ration            |       |       |       |     3 ||     3
Armor: Skin              |    28 |    69 |   181 |   199 ||   477
Dodge: Dodged            |    83 |    73 |   235 |   249 ||   640
Block: Buckler           |       |    18 |    93 |   150 ||   261
       Rpst.: Falchion   |       |    10 |    76 |    54 ||   140

Table legend:
 A = Non-vault XP
 B = Vault XP
 C = Vault XP percentage of total XP
 D = Non-vault monster count
 E = Vault monster count
 F = Vault count percentage of total count
                 A         B        C        D         E       F
            +---------+---------+-------+---------+---------+-------
      Total |   10151 |    5656 |  35.8 |     215 |      89 |  29.3
            +---------+---------+-------+---------+---------+-------
        D:1 |      32 |       0 |   0.0 |      21 |       0 |   0.0
        D:2 |      51 |       0 |   0.0 |      15 |       0 |   0.0
        D:3 |      72 |     134 |  65.0 |      19 |       1 |   5.0
        D:4 |     357 |       0 |   0.0 |      11 |       0 |   0.0
        D:5 |     725 |     688 |  48.7 |      24 |      19 |  44.2
        D:6 |    2308 |       0 |   0.0 |      32 |       0 |   0.0
        D:7 |     775 |    1364 |  63.8 |      30 |       4 |  11.8
        D:8 |     817 |    1140 |  58.3 |      12 |       3 |  20.0
        D:9 |    1362 |    1851 |  57.6 |      30 |      41 |  57.7
       D:10 |    2644 |     378 |  12.5 |      18 |       2 |  10.0
    Abyss:2 |    1008 |       0 |   0.0 |       3 |       0 |   0.0
      Sewer |       0 |     101 | 100.0 |       0 |      19 | 100.0
            +---------+---------+-------+---------+---------+-------
